 Dungeon Crawl Stone Soup version 0.29.1-12-g30fa7ad0bf (webtiles) character file.

Game seed: 2669648869540908485

70599 MisterFreud the Severer (level 14, -17/135 HPs)
             Began as a Minotaur Fighter on Dec 28, 2022.
             Was an Elder of Yredelemnul.
             Killed from afar by a wizard (33 damage)
             ... with a fireball
             ... on level 15 of the Dungeon.
             The game lasted 00:31:24 (26716 turns).

MisterFreud the Severer (Minotaur Fighter)         Turns: 26716, Time: 00:31:24

Health: -17/135    AC: 18    Str: 20    XL:     14   Next: 94%
Magic:  19/20      EV:  7    Int:  5    God:    Yredelemnul [****..]
Gold:   782        SH: 18    Dex: 12    Spells: 13/13 levels left

rFire   . . .      SeeInvis +   S - +5 broad axe of Lediko {speed, rF+}
rCold   + . .      Faith    .   J - +0 kite shield
rNeg    . . .      Spirit   .   w - +0 chain mail
rPois   +          Reflect  +   b - +2 hat {Will+}
rElec   +          Harm     .   (no cloak)
rCorr   .          Rampage  .   I - +2 pair of gloves of Pantheism {rElec rPois rF- Str-4}
Will    ++...                   f - +0 pair of boots
Stlth   ..........              v - amulet "Daijiett" {Reflect *Corrode rElec rPois SH+5 SInv}
HPRegen 0.32/turn               u - +4 ring of protection
MPRegen 0.17/turn               q - ring of protection from cold

@: corroded, studying Unarmed Combat
A: horns 2, retaliatory headbutt
a: Renounce Religion, Recall Undead Harvest, Dark Bargain, Drain Life


You were on level 15 of the Dungeon.
You worshipped Yredelemnul.
Yredelemnul was aware of your devotion.
You visited 3 branches of the dungeon, and saw 21 of its levels.
You also visited: Ossuary.

You collected 1547 gold pieces.
You spent 765 gold pieces at shops.

Inventory:

Hand Weapons
 a - a +1 long sword of chaos
 C - a +7 quick blade
 F - a +2 war axe of flaming
 S - the +5 broad axe of Lediko (weapon) {speed, rF+}
   (You bought it in a shop on level 7 of the Dungeon)

   Attacks with this weapon are significantly faster.
   rF:        It protects you from fire.
Missiles
 t - 6 throwing nets (quivered)
Armour
 b - a +2 hat of willpower (worn)
 f - a +0 pair of boots (worn)
 w - a +0 chain mail (worn)
 I - the +2 pair of gloves of Pantheism (worn) {rElec rPois rF- Str-4}
   (You found it on level 8 of the Dungeon)

   Str:       It affects your strength (-4).
   rF:        It makes you vulnerable to fire.
   rElec:     It insulates you from electricity.
   rPois:     It protects you from poison.
 J - a +0 kite shield (worn)
Jewellery
 h - a +4 ring of evasion
 q - a ring of protection from cold (right hand)
 u - a +4 ring of protection (left hand)
 v - the amulet "Daijiett" (around neck) {Reflect *Corrode rElec rPois SH+5 SInv}
   (You found it on level 3 of the Lair of Beasts)

   [amulet of reflection]

   It reflects blocked missile attacks.
   rElec:     It insulates you from electricity.
   rPois:     It protects you from poison.
   SInv:      It lets you see invisible.
   *Corrode:  It may corrode you when you take damage.
   SH:        It affects your SH (+5).
 y - an amulet of the acrobat
 H - a ring of flight
 O - a ring of positive energy
 Z - a +6 ring of strength
Wands
 m - a wand of polymorph (16)
 n - a wand of iceblast (22)
 o - a wand of flame (35)
 E - a wand of acid (9)
 G - a wand of paralysis (16)
Scrolls
 e - 9 scrolls of identify
 k - 7 scrolls of teleportation
 r - 4 scrolls of blinking
 s - 4 scrolls of magic mapping
 x - 4 scrolls of fear
 z - a scroll of torment
 A - 6 scrolls of enchant armour
 L - 3 scrolls of immolation
 P - 2 scrolls of fog
 T - 4 scrolls of enchant weapon
 V - 4 scrolls of poison
 W - a scroll of amnesia
Potions
 d - 4 potions of might
 g - 5 potions of mutation
 i - 6 potions of brilliance
 j - 12 potions of curing
 l - 4 potions of haste
 p - a potion of resistance
 B - 2 potions of ambrosia
 D - 2 potions of cancellation
 K - a potion of berserk rage
 M - 3 potions of lignification
 N - 3 potions of attraction
 Q - a potion of degeneration
 U - a potion of flight
 X - 2 potions of invisibility
 Y - a potion of magic
Miscellaneous
 R - a box of beasts


   Skills:
 - Level 15.0 Fighting
 - Level 6.3 Long Blades
 + Level 15.8 Axes
 - Level 10.0 Armour
 - Level 15.0 Shields
 - Level 10.0 Invocations
 - Level 8.0 Evocations


You had 13 spell levels left.
You didn't know any spells.
Your spell library contained the following spells:

 Spells                   Type           Power      Damage    Failure   Level
 Magic Dart               Conj           0%         1d3       100%        1
 Sandblast                Erth           0%         2d4       100%        1
 Call Imp                 Summ           0%         N/A       100%        2
 Passwall                 Tmut/Erth      0%         N/A       100%        2
 Frozen Ramparts          Ice            0%         1d1       100%        3
 Mephitic Cloud           Conj/Pois/Air  0%         N/A       100%        3
 Stone Arrow              Conj/Erth      0%         3d7       100%        3
 Tukima's Dance           Hex            0%         N/A       100%        3
 Fulminant Prism          Conj/Hex       0%         3d6       100%        4
 Ice Form                 Ice/Tmut       0%         N/A       100%        4
 Iskenderun's Mystic Bla  Conj/Tloc      0%         2d3       100%        4
 Passage of Golubria      Tloc           0%         N/A       100%        4
 Summon Ice Beast         Ice/Summ       0%         N/A       100%        4
 Borgnjor's Vile Clutch   Necr/Erth      0%         N/A       100%        5
 Freezing Cloud           Conj/Ice/Air   0%         6-21      100%        5
 Lee's Rapid Deconstruct  Erth           0%         3d5*      100%        5
 Yara's Violent Unravell  Hex/Tmut       0%         3d3       100%        5
 Borgnjor's Revivificati  Necr           0%         N/A       100%        8
 Necromutation            Tmut/Necr      0%         N/A       100%        8
 Death's Door             Necr           0%         N/A       100%        9
 Polar Vortex             Ice            0%         N/A       100%        9
 Animate Dead             Necr           Unusable   N/A       N/A         4
 Death Channel            Necr           Unusable   N/A       N/A         6
 Simulacrum               Ice/Necr       Unusable   N/A       N/A         6

Dungeon Overview and Level Annotations

Branches:
Dungeon (15/15)            Temple (1/1) D:4            Lair (5/5) D:8
 Shoals (0/4) Lair:3       Spider (0/4) Lair:3        Slime (0/5) Lair:4
    Orc (0/2) D:11         Vaults (0/5) D:13        Ossuary (visited)
 Depths: D:15

Altars:
Ashenzari
Cheibriados
Dithmenos
Elyvilon
Gozag
Hepliaklqana
Makhleb
Nemelex Xobeh
Okawaru
Qazlal
Ru
Sif Muna
Trog
Uskayaw
Vehumet
Xom
Yredelemnul
Zin
Jiyva

Shops:
D:5 *   D:7 (   D:8 =   D:13 [

Portals:
Hell: Lair:5

Annotations:
D:10 1 runed translucent door
Lair:2 2 transporters, raph's ghost, journeyman GrEE
Lair:4 1 runed translucent door, Skuilla's ghost, journeyman MiBe


Innate Abilities, Weirdness & Mutations

You have a pair of horns on your head.
You reflexively headbutt those who attack you in melee.


Message History

You hit the ettin but do no damage.
You headbutt the ettin, but do no damage.
You slash the tengu warrior!
You kill the tengu warrior!
The dead are flying!
You can now drain ambient life force.
Your salamander zombie hits the ettin!
The wizard gestures wildly while chanting.
The wizard flickers and vanishes for a moment.
You block the ettin's attack.
The ettin hits you with a +0 dire flail!!
Unknown command.
Unknown command.
You hit the ettin but do no damage.
You headbutt the ettin, but do no damage.
The ettin is lightly wounded.
You slash the rust devil!
Your bound iron troll barely misses the rust devil.
Your bound iron troll claws the rust devil!
Your bound iron troll claws the rust devil but does no damage.
Your manticore zombie bites the rust devil!
The rust devil dies!
The rust devil disappears in a puff of smoke!
The ettin hits you with a +0 dire flail!!
* * * LOW HITPOINT WARNING * * *
The ettin hits you with a +0 dire flail.
* * * LOW HITPOINT WARNING * * *
You slash the ettin!
You headbutt the ettin, but do no damage.
The ettin is moderately wounded.
Your salamander zombie hits the ettin.
Unknown command.
Unknown command.
Unknown command.
The wizard casts a spell at you.
The fireball explodes!
The fireball engulfs your tengu warrior zombie!!
The fireball engulfs you!!
You die...
Your body rises from the dead as a mindless zombie.

###########
.........).
#......#..(
#..o.....#
#..Z...#
#..C###.#
#..Z@Z.#
#<.Z##..p..#
#...# #...#
#.......#
#...# .#.
#.......#
#...#
#.......#
#...#
#.......#
#...#
#.......#
#...#
#.......#
#...#


You could see an ettin (ally target), a wizard (invisible), an orc sorcerer, a
friendly bound iron troll, a friendly manticore zombie, a friendly salamander
zombie and a friendly tengu warrior zombie.

Vanquished Creatures
  A dire elephant (Lair:1)
  A rakshasa (D:14)
  A boulder beetle (Lair:2)
  5 hydras
  Harold (D:9)
  A catoblepas (Lair:1)
  A centaur warrior (D:14)
  A two-headed ogre (D:9)
  2 tengu warriors
  Nergalle (D:10)
  A death drake (shapeshifter) (D:11)
  A wizard (Lair:5)
  An orc knight (D:15)
  A spectral hydra (Lair:3)
  2 deep elf pyromancers
  3 manticores
  9 ugly things
  6 elephants
  4 cyclopes
  8 black mambas
  2 gargoyles
  11 komodo dragons
  17 cane toads
  A freezing wraith (D:14)
  A kobold demonologist (D:9)
  3 rime drakes
  A tengu conjurer (D:13)
  A red devil (Lair:5)
  3 polar bears
  2 slime creatures (D:12)
  2 trolls
  A snapping turtle (Lair:3)
  3 blink frogs
  2 shadows (D:11)
  A black mamba zombie (Lair:1)
  9 wyverns
  2 wraiths
  2 spectral komodo dragons (Lair:3)
  A basilisk (D:13)
  30 yaks
  4 redbacks
  5 vampire mosquitoes
  3 acid dragons (D:12)
  7 water moccasins
  A hydra simulacrum (Lair:3)
  4 hell hounds (Lair:5)
  8 orc warriors
  2 black bears
  3 sky beasts (D:6)
  A wolf (Lair:5)
  A blink frog zombie (Lair:1)
  2 ice beasts (D:6)
  3 centaurs
  A phantom (D:7)
  Blork the orc (D:6)
  2 kobold brigands (D:6)
  A gnoll sergeant (D:7)
  10 bullfrogs
  3 scorpions
  2 necrophages
  7 water moccasin zombies
  6 wights
  9 killer bees
  An electric eel (Lair:1)
  7 howler monkeys
  4 lava snakes (D:7)
  5 hounds
  A jelly (D:6)
  4 orc priests
  9 iguanas
  Natasha (thrice) (D:3)
  8 orc wizards
  A hound zombie (D:6)
  2 mummies (Ossuary)
  10 adders
  15 gnolls
  A shadow imp (D:7)
  A white imp (D:8)
  2 ufetubi
  4 adder zombies (Ossuary)
  4 dart slugs
  3 worms
  31 orcs
  6 bats
  12 endoplasms
  2 giant cockroaches
  7 goblins
  12 hobgoblins
  7 jackals
  10 kobolds
  6 quokkas
  13 frilled lizards
  2 gnoll zombies (Ossuary)
  4 hobgoblin zombies (Ossuary)
  5 kobold zombies (Ossuary)
  5 orc zombies (Ossuary)
  2 rats
441 creatures vanquished.

Vanquished Creatures (collateral kills)
  The ghost of t4s4d4r the Summoner, a journeyman FeSu of Gozag (Lair:3)
  2 hydras
  A two-headed ogre (D:14)
  Erica (Lair:2)
  A sixfirhy (Lair:5)
  The ghost of raph the Arsonist, a novice HOFE of Beogh (D:9)
  A salamander (shapeshifter) (D:15)
  A deep elf pyromancer (D:14)
  A manticore (D:9)
  2 ugly things (D:14)
  11 elephants
  2 cane toads
  2 orange demons (Lair:5)
  2 torpor snails
  2 rime drakes
  A tengu conjurer (D:15)
  A hellwing (Lair:5)
  2 red devils (Lair:5)
  2 komodo dragons (Lair:2)
  A burning bush (Lair:3)
  11 blink frogs
  2 trolls
  2 slime creatures (D:12)
  A wyvern (Lair:1)
  A wraith (D:13)
  16 yaks
  A spectral komodo dragon (Lair:3)
  A steam dragon (D:7)
  4 basilisks
  A hell hound (Lair:5)
  3 water moccasins
  A sky beast (D:8)
  An ice beast (D:7)
  2 wolves (Lair:5)
  A kobold brigand (D:9)
  2 bullfrogs
  3 killer bees
  2 howler monkeys
  A gnoll bouda (D:9)
  2 orc priests
  4 iguanas (Lair:2)
  An orc (D:12)
  A goblin (D:4)
  4 frilled lizards (Lair:2)
  A frilled lizard zombie (Lair:2)
  A bush (Lair:3)
108 creatures vanquished.

Vanquished Creatures (others)
  An ugly thing zombie (D:12)
  3 redback zombies (Lair:3)
  A death drake zombie (D:11)
  A spectral komodo dragon (Lair:3)
  A hydra zombie (Lair:1)
  A two-headed ogre zombie (D:9)
  4 cane toad zombies
  3 elephant zombies (Lair:1)
  2 elf zombies
  2 vampire mosquito zombies (D:13)
  3 wyvern zombies
  3 water moccasin zombies
  A yak zombie (Lair:1)
  2 bullfrog zombies
  A basilisk zombie (Lair:5)
  4 killer bee zombies
  2 gnoll zombies (D:9)
  An iguana zombie (Lair:2)
  A spectral shadow imp (D:7)
  A spectral white imp (D:8)
  A frilled lizard zombie (Lair:2)
  4 kobold zombies
  8 orc zombies
  A bush (Lair:1)
  50 fungi
  140 plants
242 creatures vanquished.

Grand Total: 791 creatures vanquished

Notes
Turn   | Place    | Note
-------+----------+-------------------------------------------
     0 | D:1      | MisterFreud the Minotaur Fighter began the quest for the
                  | Orb.
     0 | D:1      | Reached XP level 1. HP: 19/19 MP: 0/0
   285 | D:1      | Reached XP level 2. HP: 28/28 MP: 1/1
   706 | D:1      | Reached skill level 5 in Fighting
   730 | D:1      | Reached XP level 3. HP: 36/36 MP: 2/2
  1391 | D:2      | Reached XP level 4. HP: 44/44 MP: 3/3
  1815 | D:3      | Noticed Natasha
  1823 | D:3      | Killed Natasha
  1942 | D:3      | Reached XP level 5. HP: 51/51 MP: 4/4
  2075 | D:3      | Noticed Natasha
  2095 | D:3      | Killed Natasha
  2153 | D:3      | Noticed Natasha
  2161 | D:3      | Killed Natasha
  2561 | D:3      | Found a faded altar of an unknown god.
  2570 | D:3      | Reached XP level 6. HP: 45/61 MP: 5/5
  2802 | D:3      | You fall into a shaft and drop 2 floors!
  2802 | D:5      | Entered Level 5 of the Dungeon
  3305 | D:5      | Reached skill level 5 in Armour
  3492 | D:4      | Found a staircase to the Ecumenical Temple.
  3528 | Temple   | Entered the Ecumenical Temple
  3538 | Temple   | Became a worshipper of Yredelemnul the Dark
  3617 | D:4      | Reached skill level 1 in Invocations
  3617 | D:4      | Reached XP level 7. HP: 53/68 MP: 6/6
  3626 | D:4      | Reached * piety under Yredelemnul
  3654 | D:4      | Reached ** piety under Yredelemnul
  3933 | D:4      | Found a shadowy altar of Dithmenos.
  4593 | D:5      | Found an opulent altar of Gozag.
  4608 | D:5      | Found Kuaniex's Serpentskin Sales.
  5007 | D:5      | Reached skill level 5 in Invocations
  5113 | D:5      | Reached XP level 8. HP: 64/74 MP: 9/11
  6018 | D:6      | Reached *** piety under Yredelemnul
  6034 | D:6      | Reached skill level 5 in Long Blades
  6232 | D:6      | Reached **** piety under Yredelemnul
  6374 | D:6      | Found a white marble altar of Elyvilon.
  6374 | D:6      | Noticed Blork the orc
  6383 | D:6      | Killed Blork the orc
  6384 | D:6      | Reached XP level 9. HP: 77/81 MP: 11/14
  6428 | D:6      | Reached ***** piety under Yredelemnul
  6429 | D:6      | Reached skill level 1 in Axes
  6626 | D:6      | Identified a scroll of acquirement
  6626 | D:6      | Acquired a +7 quick blade
  6855 | D:7      | Reached skill level 5 in Axes
  7709 | D:7      | Found Seruimef's Weapon Shop.
  8322 | D:8      | Reached XP level 10. HP: 60/88 MP: 11/15
  8326 | D:8      | Found a staircase to the Lair.
  8335 | D:8      | Identified the +2 pair of gloves of Pantheism {rElec rPois
                  | rF- Str-4}
  8465 | D:8      | Found Ceumix's Jewellery Shoppe.
  8543 | D:8      | Reached skill level 10 in Axes
  8570 | D:8      | Found a sand-covered staircase.
  8575 | Ossuary  | Entered an ossuary
  9004 | D:8      | Found a sacrificial altar of Ru.
  9554 | D:9      | Noticed Harold
  9562 | D:9      | Killed Harold
  9574 | D:9      | Noticed a two-headed ogre
  9613 | D:9      | Killed a two-headed ogre
  9620 | D:9      | HP: 4/88 [killer bee (4)]
  9977 | D:9      | Found a radiant altar of Vehumet.
 10179 | D:9      | Noticed raph's ghost (novice HOFE)
 10187 | D:9      | Noticed a manticore
 10196 | D:9      | Found a runed translucent gate.
 10196 | D:9      | Found a runed translucent gate.
 10205 | D:9      | Found a runed translucent gate.
 10600 | D:9      | Reached skill level 1 in Evocations
 10603 | D:9      | Killed raph's ghost
 10604 | D:9      | Reached XP level 11. HP: 55/95 MP: 10/16
 10945 | D:10     | Entered Level 10 of the Dungeon
 11080 | D:10     | Found a stormy altar of Qazlal.
 11090 | D:10     | Noticed Nergalle
 11103 | D:10     | Killed Nergalle
 11458 | D:10     | Found a hide-covered altar of Uskayaw.
 11579 | D:10     | Noticed a flayed ghost
 11579 | D:10     | Noticed a wolf spider
 11579 | D:10     | Noticed a flayed ghost
 11580 | D:10     | Found a runed translucent door.
 11582 | D:10     | Noticed a deep troll
 11582 | D:10     | Noticed a stone giant
 11582 | D:10     | Noticed a wolf spider
 11582 | D:10     | Noticed a great orb of eyes
 11582 | D:10     | Noticed a deep elf zephyrmancer
 12154 | D:11     | Noticed a death drake
 12154 | D:11     | a moth of wrath changed into a death drake
 12163 | D:11     | Killed a death drake
 12878 | D:11     | Found a staircase to the Orcish Mines.
 13298 | D:7      | Bought the +5 broad axe of Lediko {speed, rF+} for 765 gold
                  | pieces
 13399 | Lair:1   | Entered Level 1 of the Lair of Beasts
 13399 | Lair:1   | Noticed a six-headed hydra
 13399 | Lair:1   | Noticed a catoblepas
 13407 | Lair:1   | Killed a two-headed hydra
 13655 | Lair:1   | Killed a catoblepas
 13656 | Lair:1   | Reached skill level 10 in Fighting
 13839 | Lair:1   | Reached skill level 5 in Evocations
 13855 | Lair:1   | Reached XP level 12. HP: 60/108 MP: 10/17
 14058 | Lair:1   | Reached ****** piety under Yredelemnul
 14145 | Lair:1   | Reached skill level 10 in Armour
 14330 | Lair:1   | Noticed a dire elephant
 14334 | Lair:1   | Noticed a catoblepas
 14366 | Lair:1   | Killed a dire elephant
 14854 | Lair:1   | Killed a catoblepas
 14854 | Lair:1   | Enslaved a catoblepas
 15970 | Lair:2   | Noticed a boulder beetle
 15997 | Lair:2   | Killed a boulder beetle
 16469 | Lair:2   | Found a transporter.
 16471 | Lair:2   | Found a transporter.
 16472 | Lair:2   | Noticed raph's ghost (journeyman GrEE)
 16473 | Lair:2   | Noticed Erica
 16483 | Lair:2   | Killed Erica
 16604 | Lair:2   | Reached XP level 13. HP: 106/122 MP: 15/18
 17620 | Lair:3   | Reached skill level 15 in Axes
 17771 | Lair:3   | Found a runed translucent gate.
 17771 | Lair:3   | Found a runed translucent gate.
 17773 | Lair:3   | Found a runed translucent gate.
 17781 | Lair:3   | Noticed t4s4d4r's ghost (journeyman FeSu)
 18247 | Lair:3   | Found a hole to the Spider Nest.
 18252 | Lair:3   | Reached skill level 15 in Fighting
 18416 | Lair:3   | Found a staircase to the Shoals.
 18873 | Lair:3   | Killed t4s4d4r's ghost
 18878 | Lair:3   | Identified the amulet "Daijiett" {Reflect *Corrode rElec
                  | rPois SH+5 SInv}
 19303 | Lair:4   | Found a staircase to the Slime Pits.
 19303 | Lair:4   | Found a viscous altar of Jiyva.
 19345 | Lair:4   | Found a runed translucent door.
 19346 | Lair:4   | Found a shimmering altar of Xom.
 19346 | Lair:4   | Noticed Skuilla's ghost (journeyman MiBe)
 19822 | Lair:4   | Reached skill level 10 in Invocations
 20132 | Lair:5   | Entered Level 5 of the Lair of Beasts
 20195 | Lair:5   | Reached skill level 5 in Shields
 21087 | Lair:5   | Reached XP level 14. HP: 135/135 MP: 20/20
 21089 | Lair:5   | Found a burning altar of Makhleb.
 21115 | Lair:5   | Reached skill level 10 in Shields
 21455 | Lair:5   | Found a gateway to Hell.
 21503 | Lair:5   | Identified the +1 flail "Urubag" {vamp, rC+ MP+9 Str-2
                  | SInv}
 24268 | D:13     | Found a gate to the Vaults.
 24274 | D:13     | Identified the +9 dagger of the Pits of Slime {freeze, rN+
                  | rCorr Str+2}
 24688 | D:13     | Found Eweon's Armour Boutique.
 25110 | D:14     | Reached skill level 15 in Shields
 26208 | D:15     | Entered Level 15 of the Dungeon
 26716 | D:15     | Killed from afar by a wizard

Illustrated notes

Levels and vault maps discovered:
D:1:      lightli_arrival_windingriver, layout_basic
D:2:      layout_rooms
D:3:      layout_rooms, ebering_ecumenical_altar_hall,
          kennysheep_generic_room_5, uniq_natasha
D:4:      layout_basic, lemuel_tele_altar, minmay_temple_entry_arrows
D:5:      layout_loops_corners, kennysheep_little_box, guppyfry_shop_venom
D:6:      layout_loops_cross, elyvilon_altar_3, minivault_23, uniq_blork_the_orc
D:7:      layout_basic, kennysheep_diamond
D:8:      layout_layer_cave, mainiacjoe_overflow_small_starburst,
          lair_entry_dummy, serial_shops, shop, nicolae_ossuary_entry_plus,
          serial_bayou_pond_d, grunt_decor_junction
D:9:      layout_basic, nicolae_vehumet_radiance, gammafunk_ghost_split,
          uniq_harold
D:10:     minmay_gate_of_8, layout_basic, mainiacjoe_overflow_catwalk,
          nicolae_overflow_crystal_walls, uniq_nergalle
D:11:     layout_basic, orc_0_dummy
D:12:     layout_cave_pods, serial_bayou_pond_c
D:13:     layout_basic, david_vaults_4, serial_shops, nicolae_square_shop,
          chequers_serial_rivers_small_3
D:14:     layout_gridville, minivault_26
D:15:     hangedman_depths_entry_civil_slaughter, layout_long_grid,
          chequers_avenue
Temple:   hellmonk_temple_two_chambers
Lair:1:   layout_small_grid, nicolae_lair_grazing_beasts
          [nicolae_sub_lair_graze_edge, nicolae_sub_lair_graze_edge,
          nicolae_sub_lair_graze_edge, nicolae_sub_lair_graze_edge]
Lair:2:   lemuel_reptile_caves, layout_misc_corridors, gammafunk_ghost_hive,
          uniq_erica
Lair:3:   layout_cave_pods, minmay_shoals_entry_hut, spider_nest_entry_webs,
          serial_forest, infiniplex_forest_lined_room_3,
          infiniplex_forest_clump_tiny, infiniplex_forest_straight_2,
          infiniplex_forest_corner_1, infiniplex_forest_lined_room_3,
          infiniplex_forest_lined_3, infiniplex_forest_zigzag_1,
          infiniplex_forest_straight_1, gammafunk_ghost_necromancy,
          evilmike_ambush [evilmike_ambush_outer_basic,
          evilmike_ambush_inner_basic]
Lair:4:   layout_roguey, slime_entry_1, ebering_ghost_xom
Lair:5:   evil_forest, layout_regular_city, st_stairs_12, grunt_megastairs_3

Skill      XL: |  1  2  3  4  5  6  7  8  9 10 11 12 13 14 |
---------------+-------------------------------------------+-----
Fighting       | 4 5 6 8 10 13 15 | 15.0
Armour         | 6 9 10 | 10.0
Shields        | 4 9 15 | 15.0
Invocations    | 1 5 8 10 | 10.0
Long Blades    | 5 6 |  6.3
Axes           | 9 14 15 | 15.8
Evocations     | 1 5 8 |  8.0

Action                   |  1- 3 |  4- 6 |  7- 9 | 10-12 | 13-15 || total
-------------------------+-------+-------+-------+-------+-------++-------
Melee: Long sword        |    77 |   142 |   184 |       |       ||   403
       Headbutt          |     8 |    25 |    40 |   116 |   160 ||   349
       War axe           |       |       |    93 |   279 |    28 ||   400
       Broad axe         |       |       |       |   178 |   627 ||   805
Invok: Recall Undead Har |       |       |       |     2 |     6 ||     8
       Dark Bargain      |       |       |       |     1 |     2 ||     3
       Bind Soul         |       |       |       |     2 |     2 ||     4
Evoke: Wand              |       |       |       |     1 |       ||     1
       Box of beasts     |       |       |       |     1 |       ||     1
  Use: Scroll            |       |     9 |     9 |    11 |     3 ||    32
       Potion            |       |       |       |     3 |     2 ||     5
 Stab: Distracted        |       |       |     5 |     2 |     2 ||     9
       Confused          |       |       |     1 |       |       ||     1
       Petrified         |       |       |       |     7 |       ||     7
       Petrifying        |       |       |       |     1 |       ||     1
Armor: Scale mail        |    42 |    90 |    23 |       |       ||   155
       Chain mail        |       |       |   173 |   263 |   257 ||   693
Dodge: Dodged            |    38 |    71 |   129 |   121 |   147 ||   506
Block: Buckler           |    13 |    34 |    54 |    85 |   204 ||   390
       Kite shield       |       |       |       |       |    56 ||    56
       Reflection        |       |       |       |       |     2 ||     2
